 Dungeon Crawl Stone Soup version 0.27.1-3-gb3d3a73c9e (webtiles) character file.

Game seed: 6412862811249027117

84 MisterFreud the Skirmisher (level 4, 0/44 HPs)
             Began as a Minotaur Abyssal Knight on Oct 25, 2021.
             Was a Believer of Lugonu.
             Slain by Natasha (2 damage)
             ... on level 3 of the Dungeon.
             The game lasted 00:02:38 (2189 turns).

MisterFreud the Skirmisher (MiAK)                   Turns: 2189, Time: 00:02:39

Health: 0/44       AC: 10    Str: 18    XL:     4   Next: 24%
Magic:  4/4        EV:  7    Int:  9    God:    Lugonu [**....]
Gold:   34         SH:  0    Dex:  9    Spells: 3/3 levels left

rFire    . . .     SeeInvis .   f - +1 dagger (venom)
rCold    . . .     Faith    .   (no shield)
rNeg     . . .     Spirit   .   i - +0 chain mail
rPois    .         Reflect  .   (helmet restricted)
rElec    .         Harm     .   l - +0 cloak
rCorr    .         Rampage  .   (no gloves)
Will     .....                  (no boots)
Stlth    ..........             c - amulet of magic regeneration
HPRegen  0.14/turn              (no ring)
MPRegen  0.34/turn              (no ring)

@: brilliant, flying, slowed, very slow
A: horns 2, retaliatory headbutt
a: Renounce Religion, Depart the Abyss, Bend Space


You were on level 3 of the Dungeon.
You worshipped Lugonu.
Lugonu was pleased with you.
You visited 1 branch of the dungeon, and saw 4 of its levels.
You visited the Abyss 1 time.

You collected 111 gold pieces.
You spent 77 gold pieces at shops.

Inventory:

Hand Weapons
 a - a +1 falchion
 f - a +1 dagger of venom (weapon)
Armour
 b - a +0 leather armour
 h - a +0 ring mail
 i - a +0 chain mail (worn)
 l - a +0 cloak (worn)
Jewellery
 c - an amulet of magic regeneration (around neck)
Wands
 o - a wand of digging (8)
Scrolls
 d - 2 scrolls of blinking {unknown}
 k - a scroll of noise {unknown}
 m - a scroll of identify {unknown}
Potions
 j - 2 potions of might
 n - 2 potions of curing


   Skills:
 * Level 5.8 Fighting
 - Level 2.4 Long Blades
 + Level 3.1 Armour
 - Level 1.1 Dodging
 - Level 1.7 Invocations


You had 3 spell levels left.
You didn't know any spells.
Your spell library contained the following spells:

 Spells                   Type           Power      Damage    Failure   Level
 Animate Skeleton         Necr           0%         N/A       99%         1
 Apportation              Tloc           0%         N/A       99%         1
 Corona                   Hex            0%         N/A       99%         1
 Summon Small Mammal      Summ           0%         N/A       99%         1


Dungeon Overview and Level Annotations

Branches:
Dungeon (4/15)
 Temple: D:4-7

Altars:

Shops:
D:3 *

Annotations:
D:3 Natasha, Terence


Innate Abilities, Weirdness & Mutations

You have a pair of horns on your head.
You reflexively headbutt those who attack you in melee.


Message History

The hobgoblin hits you but does no damage.
Terence hits you but does no damage. Natasha claws you.
* * * LOW HITPOINT WARNING * * *
You can't go up here!
Unknown command.
Unknown command.
You kill the hobgoblin!
Lugonu accepts your kill. Natasha casts a spell at you.
You feel yourself slow down.
Unknown command.
Unknown command.
Unknown command.
Okay, then.
Terence hits you but does no damage.
Natasha hisses.
Natasha claws you.
* * * LOW HITPOINT WARNING * * *
Terence completely misses you. You furiously retaliate!
You headbutt Terence. Natasha claws you.
* * * LOW HITPOINT WARNING * * *
There is a stone staircase leading up, spattered with blood here.
Things that are here:
a scroll labelled DIEMIX SUASCH; a hobgoblin corpse Unknown command.
It was a potion of flight.
You feel very buoyant.
You fly up into the air.
Terence completely misses you. Natasha barely misses you.
It was a potion of brilliance.
You feel clever all of a sudden.
The kobold shouts!
Terence barely misses you. You furiously retaliate!
You headbutt Terence. Natasha casts a spell at you. The magic dart hits you.
* * * LOW HITPOINT WARNING * * *
Terence says, "How do you enjoy it?" Terence barely misses you.
You furiously retaliate!
You headbutt Terence. Natasha claws you.
You die...

..........#
.K........ ##
.......... ..
..[......## .#
........?.# .#
..........# .#
..........# .#
.......@..######
##
.......h@......#
...............#
.##....†#......#
#####.#......#
#........#
###.†.....#
######.........#
#.......#......#


You could see Terence, Natasha and a kobold.

Vanquished Creatures
  Natasha (D:3)
  An adder (D:3)
  A worm (D:3)
  6 bats
  6 endoplasms
  4 giant cockroaches
  A goblin (D:2)
  8 hobgoblins
  4 jackals (D:2)
  3 ball pythons (D:1)
  4 frilled lizards (D:1)
  2 kobolds
  2 rats
43 creatures vanquished.

Notes
Turn   | Place    | Note
-------+----------+-------------------------------------------
     0 | Abyss:1  | MisterFreud the Minotaur Abyssal Knight began the quest for
                  | the Orb.
     0 | Abyss:1  | Reached XP level 1. HP: 19/19 MP: 1/1
    26 | D:1      | Escaped the Abyss
   150 | D:1      | Reached skill level 4 in Fighting
   250 | D:1      | Found a faded altar of an unknown god.
   286 | D:1      | Reached XP level 2. HP: 26/28 MP: 2/2
  1059 | D:1      | Reached skill level 5 in Fighting
  1323 | D:2      | Reached XP level 3. HP: 36/36 MP: 3/3
  1526 | D:2      | Reached ** piety under Lugonu
  1844 | D:3      | Found Ziupsoe's General Store.
  1848 | D:3      | Bought a potion of might for 44 gold pieces
  1848 | D:3      | Bought a potion of curing for 33 gold pieces
  1964 | D:3      | Noticed Natasha
  1974 | D:3      | Killed Natasha
  1975 | D:3      | Reached XP level 4. HP: 31/44 MP: 4/4
  2171 | D:3      | Noticed Natasha
  2175 | D:3      | Noticed Terence
  2189 | D:3      | HP: 2/44 [Natasha/magic dart (3)]
  2189 | D:3      | Slain by Natasha

Illustrated notes

Levels and vault maps discovered:
D:1:      minmay_arrival_loop, layout_loops_cross, basic_ecumenical_altar,
          minmay_tromino_v4_b
D:2:      layout_loops_ring
D:3:      layout_rooms, serial_shops, shop, uniq_natasha, uniq_terence
D:4:      layout_loops_corners, serial_shops, kennysheep_mini,
          ebering_ghost_gozag, minmay_ogre_servants

Skill      XL: |  1  2  3 |
---------------+----------+-----
Fighting       | 4 5 |  5.8
Armour         | 3 |  3.1
Long Blades    | |  2.4
Dodging        | |  1.1
Invocations    | |  1.7

Action                   |  1- 3 |  4- 6 || total
-------------------------+-------+-------++-------
Melee: Falchion          |    16 |       ||    16
       Headbutt          |    18 |     3 ||    21
       Dagger            |    78 |    17 ||    95
  Use: Potion            |       |     2 ||     2
Armor: Leather armour    |    14 |       ||    14
       Ring mail         |     3 |       ||     3
       Chain mail        |    27 |     9 ||    36
Dodge: Dodged            |    24 |    13 ||    37
       Rpst.: Falchion   |     2 |       ||     2
